Dungeon Sprint DCSS version 0.21.1-1-g345015fe64 (webtiles) character file.

14200000 Jannitor the Conqueror (level 27, -290/272 (273) HPs) Began as a Ghoul Warper on June 28, 2018. Was the Champion of Makhleb. Annihilated by a fleshlord ... wielding a +9 great mace (323 damage) ... in the Dungeon (Sprint VIII: "Arena of Blood"). The game lasted 00:07:22 (142 turns). Jannitor the Conqueror (Ghoul Warper) Turns: 142, Time: 00:07:22 HP: -290/272 (273)AC: 6 Str: 19 XL: 27 MP: 40/53 EV: 32 Int: 8 God: Makhleb [******] Gold: 0 SH: 0 Dex: 17 Spells: 80/80 levels left rFire + . . SeeInvis . l - +∞ Axe of Woe rCold + . . Gourm . (shield currently unavailable) rNeg + + + Faith . b - +0 leather armour rPois ∞ Spirit . (no helmet) rElec . Reflect . (no cloak) rCorr . Harm . (no gloves) MR ++... NoTele + (no boots) Stlth +++++++++. (no amulet) HPRegen 0.00/turn m - ring of protection from fire MPRegen 0.33/turn (no ring) @: rotting, slowed, very slow A: rotting body, claws 1, carnivore, cold resistance 1, negative energy resistance 3, inhibited regeneration, torment resistance, unbreathing a: Minor Destruction, Lesser Servant of Makhleb, Major Destruction, Greater Servant of Makhleb, Renounce Religion You were in the Dungeon. You worshipped Makhleb. Makhleb was exalted by your worship. You were not hungry. You visited 1 branch

Inventory:

Hand Weapons
 a - a +0 hand axe
 l - the +∞ Axe of Woe (weapon)
   (You found it in the Dungeon)
Missiles
 e - 5 tomahawks of dispersal (quivered)
Armour
 b - a +0 leather armour (worn)
Jewellery
 m - a ring of protection from fire (left claw)
Scrolls
 d - 2 scrolls of blinking
Potions
 g - a potion of curing
 h - a potion of heal wounds
 i - a potion of haste
 j - 2 potions of magic
 k - a potion of berserk rage
Books
 c - a book of Spatial Translocations

   Spells                             Type                      Level
   a - Blink                          Translocation                2
   b - Shroud of Golubria             Charms/Translocation         2
   c - Lesser Beckoning               Translocation                3
   d - Gell's Gravitas                Translocation                3
   e - Teleport Other                 Translocation                3
   f - Passage of Golubria            Translocation                4
Comestibles
 f - a ration


   Skills:
 O Level 27 Fighting
 O Level 27 Axes
 O Level 27 Throwing
 O Level 27 Armour
 O Level 27 Dodging
 O Level 27 Stealth
 O Level 27 Unarmed Combat
 O Level 27 Spellcasting
   Level 2.6 Translocations
 O Level 27 Invocations


You had 80 spell levels left.
You didn't know any spells.

Dungeon Overview and Level Annotations

Branches:
Dungeon (1/1)

Altars:
Makhleb


Innate Abilities, Weirdness & Mutations

Your body is rotting away.
You thrive on raw meat.
You are immune to poison.
You have sharp fingernails.
You are carnivorous and can eat meat at any time.
Your flesh is cold resistant. (rC+)
You are immune to negative energy. (rN+++)
You do not regenerate when monsters are visible.
You are immune to unholy pain and torment.
You can survive without breathing.


Message History

The fleshlord points at you and mumbles some strange words.
You already are as slow as you could be.
You hear a shout!
The destroyer blinks!
Something bites you!
Unknown command.
You hear a shout! x3
The meat beast completely misses you. The meat beast tramples you.
You hold your ground!
The fleshlord hits you with a +9 great mace!!!
* * * LOW HITPOINT WARNING * * *
You hear a shout! x3
The meat beast bites you!
* * * LOW HITPOINT WARNING * * *
The meat beast tramples you!
* * * LOW HITPOINT WARNING * * *
You hold your ground!
You hear a shout!
The fleshlord hits you with a +9 great mace!!!!!!
Ouch! That really hurt!
You die...

#..))#))).))).#))..V..._.....
#....#))..............###....
#......).§.....%.###.... ..##
#....)..)§%%.......#.......#
#.......)..X.§.....#.......#
#......†.†#.§§....%.........
#.......%#.#.#.....§........
#.......S)#p#)..............
#..###...#.#@#......§ #..
##...#)#2)...# #.
#......V.......
...##.......##.# #....
##........ ####. ...####....
## #.... .... ####. ... ..


You could see a meat beast, a destroyer and a fleshlord.

Vanquished Creatures
  6 hell knights (D)
  7 hell beasts (D)
  3 greater mummies (D)
  6 great orbs of eyes (D)
  3 wraiths (D)
  16 vampire knights (D)
  28 ogres (D)
  5 two-headed ogres (D)
  4 liches (D)
  3 hydras (D)
  98 orcs (D)
  6 phantoms (D)
  6 skeletal warriors (D)
  4 sea snakes (D)
  6 large abominations (D)
  7 small abominations (D)
  6 crawling corpses (D)
214 creatures vanquished.

Vanquished Creatures (others)
  A small abomination (D)
  4 crawling corpses (D)
5 creatures vanquished.

Grand Total: 219 creatures vanquished

Notes
Turn   | Place    | Note
-------+----------+-------------------------------------------
     0 | D        | Found the +∞ Axe of Woe
     0 | D        | Jannitor the Ghoul Warper began the quest for the Orb.
     0 | D        | Reached XP level 1. HP: 17/17 MP: 2/2
     3 | D        | Noticed a bag of meat
     3 | D        | Noticed a meat berserker
     4 | D        | Killed a meat berserker
     4 | D        | Reached skill level 15 in Fighting
     4 | D        | Reached XP level 2. HP: 48/48 MP: 2/14
     4 | D        | Reached XP level 3. HP: 55/55 MP: 2/15
     4 | D        | Reached XP level 4. HP: 62/62 MP: 2/17
     4 | D        | Reached XP level 5. HP: 69/69 MP: 2/18
     4 | D        | Reached XP level 6. HP: 77/77 MP: 2/20
     4 | D        | Reached XP level 7. HP: 83/83 MP: 2/21
     4 | D        | Reached XP level 8. HP: 91/91 MP: 2/23
     4 | D        | Reached XP level 9. HP: 97/97 MP: 2/24
     4 | D        | Reached XP level 10. HP: 105/105 MP: 2/25
     4 | D        | Reached XP level 11. HP: 112/112 MP: 2/26
     4 | D        | Reached XP level 12. HP: 121/121 MP: 2/27
     4 | D        | Reached XP level 13. HP: 127/127 MP: 2/28
     4 | D        | Noticed a bag of meat
     5 | D        | Became a worshipper of Makhleb the Destroyer
     6 | D        | Noticed a meat berserker
     6 | D        | Killed a bag of meat
     6 | D        | Reached XP level 14. HP: 138/138 MP: 2/29
     7 | D        | Noticed a bag of meat
     7 | D        | Noticed a meat berserker
     7 | D        | Killed a meat berserker
     7 | D        | Reached * piety under Makhleb
     7 | D        | Reached XP level 15. HP: 152/152 MP: 2/30
     8 | D        | Killed a meat berserker
     8 | D        | Reached XP level 16. HP: 168/168 MP: 3/31
    10 | D        | Noticed a meat berserker
    12 | D        | Noticed a meat berserker
    12 | D        | Noticed a meat berserker
    12 | D        | Noticed a meat berserker
    14 | D        | Noticed a meat berserker
    14 | D        | Noticed a meat berserker
    15 | D        | Noticed a meat berserker
    15 | D        | Noticed a meat berserker
    15 | D        | Killed a meat berserker
    15 | D        | Reached ** piety under Makhleb
    15 | D        | Reached XP level 17. HP: 179/179 MP: 4/32
    15 | D        | Killed a meat berserker
    15 | D        | Killed a meat berserker
    15 | D        | Reached XP level 18. HP: 195/195 MP: 4/33
    16 | D        | Noticed a large bag of meat
    16 | D        | Reached *** piety under Makhleb
    17 | D        | Killed a meat berserker
    17 | D        | Reached skill level 27 in Fighting
    17 | D        | Reached XP level 19. HP: 207/207 MP: 5/34
    17 | D        | Killed a meat berserker
    17 | D        | Reached **** piety under Makhleb
    18 | D        | Noticed a meat berserker
    18 | D        | Killed a meat berserker
    18 | D        | Reached skill level 27 in Axes
    18 | D        | Reached skill level 27 in Armour
    18 | D        | Reached skill level 27 in Dodging
    18 | D        | Reached skill level 27 in Invocations
    18 | D        | Reached XP level 20. HP: 216/216 MP: 5/36
    19 | D        | Reached skill level 15 in Throwing
    19 | D        | Reached ***** piety under Makhleb
    19 | D        | Killed a meat berserker
    19 | D        | Reached XP level 21. HP: 224/224 MP: 5/37
    20 | D        | Killed a meat berserker
    20 | D        | Reached skill level 27 in Stealth
    20 | D        | Reached skill level 27 in Throwing
    20 | D        | Reached skill level 5 in Unarmed Combat
    20 | D        | Reached skill level 15 in Spellcasting
    21 | D        | Reached XP level 22. HP: 233/233 MP: 5/41
    22 | D        | Reached ****** piety under Makhleb
    22 | D        | Reached skill level 27 in Unarmed Combat
    22 | D        | Reached XP level 23. HP: 240/240 MP: 6/50
    23 | D        | Reached skill level 27 in Spellcasting
    24 | D        | Reached XP level 24. HP: 249/249 MP: 6/53
    25 | D        | Noticed a destroyer
    26 | D        | Killed a large bag of meat
    26 | D        | Reached XP level 25. HP: 257/257 MP: 7/53
    29 | D        | Noticed a destroyer
    30 | D        | Reached XP level 26. HP: 266/266 MP: 8/53
    31 | D        | Noticed a large bag of meat
    31 | D        | Killed a destroyer
    33 | D        | Reached XP level 27. HP: 273/273 MP: 8/53
    34 | D        | Noticed a large bag of meat
    35 | D        | Noticed a destroyer
    35 | D        | Killed a destroyer
    38 | D        | Noticed a destroyer
    38 | D        | Noticed a destroyer
    40 | D        | Noticed a destroyer
    40 | D        | Noticed a destroyer
    40 | D        | Killed a destroyer
    41 | D        | Killed a large bag of meat
    41 | D        | Killed a destroyer
    43 | D        | Noticed a destroyer
    44 | D        | Noticed a destroyer
    44 | D        | Killed a destroyer
    44 | D        | Killed a large bag of meat
    44 | D        | Killed a destroyer
    45 | D        | Noticed a destroyer
    46 | D        | Noticed a destroyer
    47 | D        | Killed a destroyer
    48 | D        | Killed a destroyer
    49 | D        | Killed a destroyer
    50 | D        | Noticed a destroyer
    50 | D        | Noticed an accursed
    51 | D        | Noticed a destroyer
    51 | D        | Killed a destroyer
    54 | D        | Noticed a large bag of meat
    54 | D        | Killed a destroyer
    56 | D        | Noticed a destroyer
    56 | D        | Noticed an accursed
    57 | D        | Killed an accursed
    57 | D        | Killed a destroyer
    57 | D        | Killed a destroyer
    60 | D        | Noticed a meat beast
    61 | D        | Noticed a destroyer
    62 | D        | Killed a meat beast
    62 | D        | Killed a large bag of meat
    62 | D        | Killed a destroyer
    66 | D        | Noticed an accursed
    67 | D        | Noticed a dread
    67 | D        | Noticed a meat beast
    69 | D        | Killed a meat beast
    71 | D        | Noticed a dread
    76 | D        | Killed a dread
    81 | D        | Noticed a destroyer
    81 | D        | Killed a dread
    81 | D        | Killed a destroyer
    82 | D        | Noticed a meat beast
    86 | D        | Killed a meat beast
    88 | D        | Killed a destroyer
    93 | D        | Killed an accursed
    95 | D        | Noticed a tyrant
   100 | D        | Killed an accursed
   101 | D        | Noticed a destroyer
   102 | D        | Noticed a tyrant
   103 | D        | Killed a tyrant
   106 | D        | Noticed a tyrant
   106 | D        | Noticed a large bag of meat
   108 | D        | Noticed a meat beast
   109 | D        | Noticed a dread
   111 | D        | Killed a large bag of meat
   112 | D        | Noticed a meat beast
   112 | D        | Killed a meat beast
   114 | D        | Killed a tyrant
   115 | D        | Killed a tyrant
   116 | D        | Noticed a meat beast
   119 | D        | Noticed a tyrant
   119 | D        | Killed a meat beast
   120 | D        | Noticed a fleshlord
   122 | D        | Killed a dread
   122 | D        | Killed a meat beast
   123 | D        | Noticed a fleshlord
   125 | D        | Noticed a meat beast
   125 | D        | Noticed a fleshlord
   126 | D        | Noticed a fleshlord
   126 | D        | Killed a fleshlord
   128 | D        | Killed a fleshlord
   129 | D        | Noticed a fleshlord
   129 | D        | Killed a fleshlord
   130 | D        | Killed a fleshlord
   131 | D        | Noticed a fleshlord
   131 | D        | Killed a meat beast
   134 | D        | Killed a tyrant
   135 | D        | Noticed a fleshlord
   136 | D        | Killed a fleshlord
   138 | D        | Killed a fleshlord
   139 | D        | Noticed a meat beast
   141 | D        | Noticed a destroyer
   142 | D        | Annihilated by a fleshlord

Skill      XL: |  1  2  3  4  5  6  7  8  9 10 11 12 13 14 15 16 17 18 19 20 21 22 23 |
---------------+----------------------------------------------------------------------+-----
Fighting       | 15 16 19 21 23 25 27 | 27.0
Axes           | 13 14 16 18 20 22 24 27 | 27.0
Throwing       | 13 22 27 | 27.0
Armour         | 13 14 16 18 20 22 24 27 | 27.0
Dodging        | 13 14 16 18 20 22 24 27 | 27.0
Spellcasting   | 12 16 24 27 | 27.0
Invocations    | 8 13 17 19 22 24 27 | 27.0
Stealth        | 2 24 27 | 27.0
Unarmed Combat | 16 27 | 27.0
Translocations | |  2.6

Action                   |  1- 3 |  4- 6 |  7- 9 | 10-12 | 13-15 | 16-18 | 19-21 | 22-24 | 25-27 || total
-------------------------+-------+-------+-------+-------+-------+-------+-------+-------+-------++-------
Melee: Executioner's axe |     1 |       |       |       |     3 |     3 |     4 |     4 |    80 ||    95
Invok: Greater Servant o |       |       |       |       |       |       |       |       |     1 ||     1
 Stab: Distracted        |       |       |       |       |       |       |       |       |     1 ||     1
Armor: Leather armour    |       |       |       |       |       |       |       |       |     5 ||     5
Dodge: Dodged            |       |       |       |       |     1 |       |       |       |    31 ||    32
